 Dungeon Crawl Stone Soup version 0.31.0-32-g396128a36d (webtiles) character file.

Game seed: 3358751800832159312

72 raph the Firebug (level 4, -3/24 HPs)
             Began as a Deep Elf Fire Elementalist on Mar 15, 2024.
             Slain by Terence
             ... wielding a +2 falchion of protection
              (5 damage)
             ... on level 2 of the Dungeon.
             The game lasted 00:03:12 (2395 turns).

raph the Firebug (Deep Elf Fire Elementalist)       Turns: 2395, Time: 00:03:12

Health: -3/24      AC:  2    Str:  5    XL:     4   Next: 6%
Magic:  10/11      EV: 13    Int: 22    God:
Gold:   66         SH:  0    Dex: 15    Spells: 4/10 levels left

rFire   . . .        e - +0 dagger
rCold   . . .        (no shield)
rNeg    . . .        a - +0 robe
rPois   .            (no helmet)
rElec   .            (no cloak)
rCorr   .            (no gloves)
SInv    .            (no boots)
Will    .....        (no amulet)
Stlth   ++           (no ring)
HPRegen 0.24/turn    (no ring)
MPRegen 0.12/turn

%: no passive effects
@: no status effects
A: no striking features
a: no special abilities


You were on level 2 of the Dungeon.
You visited 1 branch of the dungeon, and saw 2 of its levels.

You collected 66 gold pieces.

Inventory:

Hand Weapons
 e - a +0 dagger (weapon)
Armour
 a - a +0 robe (worn)
Scrolls
 f - 2 scrolls of identify {unknown}
 i - a scroll of brand weapon {unknown}
Potions
 b - a potion of magic
 c - 2 potions of lignification {unknown}
 d - 3 potions of degeneration {unknown}
 g - a potion of mutation {unknown}
 h - a potion of curing {unknown}


   Skills:
 + Level 3.0 Dodging
 + Level 3.0 Stealth
 + Level 3.6 Spellcasting
 * Level 2.3 Conjurations
 * Level 4.0 Fire Magic


You had 4 spell levels left.
You knew the following spells:

 Your Spells              Type           Power      Damage    Failure   Level
a - Foxfire               Conj/Fire      72%        2x1d7     3%          1
b - Scorch                Fire           42%        2d6       3%          2
c - Inner Flame           Hex/Fire       12%        N/A       16%         3

Your spell library contained the following spells:

 Spells                   Type           Power      Damage    Failure   Level
 Volatile Blastmotes      Fire/Tloc      24%        2d12      16%         3
 Flame Wave               Conj/Fire      18%        2d7       30%         4


Dungeon Overview and Level Annotations

Branches:
Dungeon (2/15)

Altars:

Annotations:
D:2 Terence


Message History

You can't see any susceptible monsters within range! (Use Z to cast anyway.)
Casting: Foxfire (safe; 3% risk of failure)
Confirm with . or Enter, or press ? or * to list all spells.
You miscast Scorch.
You are very lightly contaminated with residual magic.
Nothing appears to happen.
Terence shouts!
Casting: Scorch (safe; 3% risk of failure)
Confirm with . or Enter, or press ? or * to list all spells.
Flames lash Terence but do no damage.
Terence says, "Did you write a will?
You should..."
Casting: Scorch (safe; 3% risk of failure)
Confirm with . or Enter, or press ? or * to list all spells.
Flames lash Terence but do no damage.
Terence hits you with a +2 falchion of protection!
Casting: Scorch (safe; 3% risk of failure)
Confirm with . or Enter, or press ? or * to list all spells.
Flames lash Terence.
Terence is lightly wounded.
Terence's fire resistance burns away.
Terence completely misses you.
Casting: Scorch (safe; 3% risk of failure)
Confirm with . or Enter, or press ? or * to list all spells.
Flames lash Terence but do no damage.
Terence hits you with a +2 falchion of protection.
Your magical contamination has completely faded away.
Casting: Scorch (safe; 3% risk of failure)
Confirm with . or Enter, or press ? or * to list all spells.
Flames lash Terence but do no damage.
Terence closely misses you.
Terence is no longer more vulnerable to fire.
Terence attacks as he pursues you!
Terence hits you with a +2 falchion of protection.
Magic courses through your body.
Terence hits you with a +2 falchion of protection!
* * * LOW HITPOINT WARNING * * *
Casting: Scorch (safe; 3% risk of failure)
Confirm with . or Enter, or press ? or * to list all spells.
You conjure some foxfire!
Terence hits you with a +2 falchion of protection.
You die...
Terence says, "Time to find some more victims."

###...... ##.##.#.#.# .....
... #...#.....# .##.. ..
#......# .##.##.# # #.#.###.#
.##.#<.## ##.# #.##.# #.#####
.##.#... ... ####.###.....#
....#.###.#######.......###.#
.#........##....v@##.#..###.#
.#...#..#.##....@.##.....##.#
.#..###........v..####...##.#
##...#..####......####......#
...#...## #.............####
#####.##################.#
#........# #.# #........# #.#
#######....### #.#
#_....#......# #.#


You could see Terence (ally target).

Vanquished Creatures
  3 adders (D:2)
  A dart slug (D:1)
  3 ribbon worms (D:2)
  4 bats
  2 endoplasms
  2 giant cockroaches (D:1)
  3 goblins
  3 hobgoblins
  A quokka (D:2)
  A ball python (D:1)
  4 frilled lizards
  6 kobolds
  5 rats
38 creatures vanquished.

Vanquished Creatures (others)
  135 foxfires
135 creatures vanquished.

Grand Total: 173 creatures vanquished

Notes
Turn   | Place    | Note
-------+----------+-------------------------------------------
     0 | D:1      | raph the Deep Elf Fire Elementalist began the quest for the
                  | Orb.
     0 | D:1      | Reached XP level 1. HP: 10/10 MP: 6/6
   305 | D:1      | Reached XP level 2. HP: 15/15 MP: 5/8
   784 | D:1      | Learned a level 2 spell: Scorch
  1516 | D:2      | Reached XP level 3. HP: 19/19 MP: 2/9
  1520 | D:2      | Learned a level 3 spell: Inner Flame
  1774 | D:2      | Reached skill level 4 in Fire Magic
  1869 | D:2      | Found a faded altar of an unknown god.
  2004 | D:2      | Reached XP level 4. HP: 17/24 MP: 7/11
  2380 | D:2      | Noticed Terence
  2395 | D:2      | Slain by Terence

Illustrated notes

Levels and vault maps discovered:
D:1:      lordsloth_arrival_two_stooges, layout_loops_corners
D:2:      layout_loops_cross, shapermc_ecumenical_altar_pompeii,
          hangedman_decor_peaks_small, uniq_terence

Skill      XL: |  1  2  3 |
---------------+----------+-----
Stealth        | 3 |  3.0
Conjurations   | 2 |  2.3
Fire Magic     | 4 |  4.0
Dodging        | 3 |  3.0
Spellcasting   | |  3.6

Action                     |  1- 3 |  4- 6 || total
---------------------------+-------+-------++-------
  Melee: Dagger            |     4 |       ||     4
   Cast: Foxfire           |    79 |     4 ||    83
         Scorch            |     6 |     5 ||    11
         Inner Flame       |     2 |       ||     2
    Use: Potion            |       |     1 ||     1
 Armour: Robe              |     6 |     5 ||    11
  Dodge: Dodged            |    13 |     2 ||    15
